 Dungeon Crawl Stone Soup version 0.22.0-49-gab54619674 (webtiles) character file.

282 megadron1122 the Skirmisher (level 6, 0/57 HPs)
             Began as a Minotaur Monk on Sept 8, 2018.
             Slain by a hound (5 damage)
             ... on level 5 of the Dungeon.
             The game lasted 00:11:14 (1853 turns).

megadron1122 the Skirmisher (Minotaur Monk)         Turns: 1853, Time: 00:11:15

Health: 0/57       AC:  9    Str: 18    XL:     6   Next: 6%
Magic:  5/5        EV: 12    Int:  7    God:
Gold:   31         SH:  0    Dex: 12    Spells: 5/5 levels left

rFire    . . .     SeeInvis .   d - +0 whip (drain)
rCold    . . .     Gourm    .   (no shield)
rNeg     . . .     Faith    .   j - +4 ring mail
rPois    .         Spirit   .   (helmet restricted)
rElec    .         Reflect  .   (no cloak)
rCorr    .         Harm     .   (no gloves)
MR       .....                  (no boots)
Stlth    +.........             e - amulet of the acrobat
HPRegen  0.19/turn              (no ring)
MPRegen  0.09/turn              (no ring)

@: no status effects
A: retaliatory headbutt, horns 2
a: no special abilities


You were on level 5 of the Dungeon.
You were not hungry.

You visited 1 branch of the dungeon, and saw 5 of its levels.

You collected 31 gold pieces.

Inventory:

Hand Weapons
 a - a +0 hand axe
 d - a +0 whip of draining (weapon)
Armour
 b - a +0 robe
 j - a +4 ring mail (worn)
Jewellery
 e - an amulet of the acrobat (around neck)
Scrolls
 i - a scroll of blinking {unknown}
 k - 2 scrolls of remove curse {unknown}
Potions
 f - a potion of haste {unknown}
 g - a potion of invisibility
 h - 2 potions of heal wounds {unknown}
Comestibles
 c - 4 rations


   Skills:
 + Level 5.8 Fighting
 - Level 4.4(4.8) Axes
 - Level 2.4(3.8) Maces & Flails
 - Level 0.5 Armour
 - Level 4.4 Dodging
 - Level 2.4 Stealth


You had 5 spell levels left.
You didn't know any spells.
Your spell library was empty.

Dungeon Overview and Level Annotations

Branches:
Dungeon (5/15)
 Temple: D:4-7

Altars:


Innate Abilities, Weirdness & Mutations

You reflexively headbutt those who attack you in melee.
You have a pair of horns on your head.


Message History

Found a great mace and a fluorescent wand.
The hound bites you.
* * * LOW HITPOINT WARNING * * *
The hound closely misses you. The hound bites you.
* * * LOW HITPOINT WARNING * * *
Found a potion of invisibility.
Found a stone staircase leading down.
The hound bites you but does no damage.
Found a ration.
A worker ant zombie comes into view.
The hound closely misses you.
Found a scroll labeled ACOIPY MEXAGY.
Found a scroll labeled ISEF JAROO.
A jackal comes into view.
The hound barely misses you. You furiously retaliate!
You headbutt the hound.
The jackal moves out of view.
A worker ant comes into view.
The hound bites you.
You die...

...... #...### .
##.......# .
#######...## #.# ...
#........!.##?.#
....###.............#
...)...............####
...####...........%...#
..........Y....h@.###.#
.....#......#.....#
.......##.......>.#
.....######.####...
....## #.# #.#.# ....#
#.. #.#.. ....# #.
...... ...## ..#.##.
.###


You could see an ice beast and a hound.

Vanquished Creatures
  A scorpion (D:2)
  A howler monkey (D:4)
  A hound (D:4)
  3 orc wizards
  A howler monkey skeleton (D:4)
  An adder skeleton (D:4)
  2 dart slugs (D:1)
  3 leopard geckos (D:1)
  9 orcs
  A giant cockroach (D:4)
  6 goblins
  7 jackals (D:2)
  6 kobolds
  2 quokkas (D:2)
  6 bats
  6 frilled lizards
  3 rats (D:1)
59 creatures vanquished.

Vanquished Creatures (others)
  A ball python (D:3)
1 creature vanquished.

Grand Total: 60 creatures vanquished

Notes
Turn   | Place    | Note
-------+----------+-------------------------------------------
     0 | D:1      | megadron1122 the Minotaur Monk began the quest for the Orb.
     0 | D:1      | Reached XP level 1. HP: 19/19 MP: 0/0
   142 | D:1      | Reached XP level 2. HP: 16/27 MP: 1/1
   476 | D:1      | Reached skill level 4 in Fighting
   585 | D:1      | Reached XP level 3. HP: 30/33 MP: 2/2
   659 | D:2      | Noticed a scorpion
   675 | D:2      | Killed a scorpion
   675 | D:2      | Reached XP level 4. HP: 11/41 MP: 3/3
   907 | D:2      | Reached skill level 1 in Maces & Flails
  1269 | D:3      | Reached XP level 5. HP: 6/47 MP: 4/4
  1660 | D:4      | Reached skill level 5 in Fighting
  1773 | D:4      | Noticed an ogre
  1824 | D:4      | Reached XP level 6. HP: 4/57 MP: 5/5
  1832 | D:5      | Entered Level 5 of the Dungeon
  1837 | D:5      | Noticed an ice beast
  1853 | D:5      | Slain by a hound

Skill      XL: |  1  2  3  4  5 |
---------------+----------------+-----
Axes           | 4 |  4.4
Fighting       | 4 5 |  5.8
Dodging        | 4 |  4.4
Stealth        | 2 |  2.4
Maces & Flails | 1 2 |  2.4
Armour         | |  0.5

Action                   |  1- 3 |  4- 6 || total
-------------------------+-------+-------++-------
Melee: Hand axe          |    12 |       ||    12
       Headbutt          |     9 |    16 ||    25
       Whip              |    33 |   107 ||   140
  Use: Potion            |       |     1 ||     1
 Stab: Sleeping          |     4 |       ||     4
  Eat: Chunk             |       |     3 ||     3
Armor: Robe              |     8 |     3 ||    11
       Ring mail         |       |    51 ||    51
Dodge: Dodged            |    49 |    91 ||   140
